 Dungeon Crawl Stone Soup version 0.25-a0-317-g5f8687bca5 (webtiles) character file.

Game seed: 7282709958578651183, levelgen mode: deterministic

183764 silin the Eclecticist (level 18, -11/127 HPs)
             Began as an Octopode Earth Elementalist on Dec 26, 2019.
             Was the Champion of Vehumet.
             Mangled by an emperor scorpion (13 damage)
             ... on level 3 of the Spider Nest.
             The game lasted 02:01:54 (57888 turns).

silin the Eclecticist (OpEE)                       Turns: 57888, Time: 02:01:55

Health: -11/127    AC:  8    Str:  9    XL:     18   Next: 0%
Magic:  4/38       EV: 23    Int: 26    God:    Vehumet [******]
Gold:   561        SH:  0    Dex: 25    Spells: 9/50 levels left

rFire    + . .     SeeInvis +   k - +6 rapier "Comnaax" {pierce, +Blink Dex+6}
rCold    . . .     Gourm    .   H - +0 buckler
rNeg     . . .     Faith    .   Z - +3 crown of Dyrovepreva {rElec Int+2 SInv}
rPois    +         Spirit   .   K - amulet of regeneration
rElec    +         Reflect  .   x - ring of see invisible
rCorr    .         Harm     .   J - ring of wizardry
MR       ++...                  N - +4 ring of evasion
Stlth    ++++......             U - ring of poison resistance
HPRegen  0.71/turn              W - +5 ring of evasion
MPRegen  0.26/turn              w - +5 ring of dexterity
                                i - ring "Puirphule" {rF+ AC+4 Str+2}
                                R - ring of protection from magic

@: lethally poisoned (-11 -> -17), very slightly contaminated, held
A: almost no armour, stealthy swim, amphibious, 8 rings, constrict 8, camouflage
1, gelatinous body 1
}: 1/15 runes: gossamer
a: Renounce Religion, Evoke Blink


You were on level 3 of the Spider Nest.
You worshipped Vehumet.
Vehumet was exalted by your worship.
You were very hungry.

You visited 7 branches of the dungeon, and saw 35 of its levels.
You also visited: Sewer and Bailey.

You collected 3814 gold pieces.
You spent 3253 gold pieces at shops.

Inventory:

Hand Weapons
 k - the +6 rapier "Comnaax" (weapon) {pierce, +Blink Dex+6}
   (You found it on level 10 of the Dungeon)

   It inflicts extra damage upon your enemies.
   It affects your dexterity (+6).
   It lets you blink.
Missiles
 s - 12 throwing nets
 u - 5 silver javelins
 G - 14 stones (quivered)
Armour
 H - a +0 buckler (worn)
 X - a cursed +3 shield of reflection
 Z - the +3 crown of Dyrovepreva (worn) {rElec Int+2 SInv}
   (You bought it in a shop on level 2 of the Orcish Mines)

   It affects your intelligence (+2).
   It insulates you from electricity.
   It lets you see invisible.
Magical Staves
 V - an uncursed staff of wizardry
Jewellery
 i - the ring "Puirphule" (on tentacle) {rF+ AC+4 Str+2}
   (You found it on level 15 of the Dungeon)

   [ring of protection]

   It affects your AC (+4).
   It affects your strength (+2).
   It protects you from fire.
 w - a +5 ring of dexterity (on tentacle)
 x - a ring of see invisible (left tentacle)
 y - an uncursed ring of resist corrosion
 B - the ring of Optimism {rElec rF- MP-9 Str+9 Dex+3}
   (You found it on level 15 of the Dungeon)

   [ring of dexterity]

   It affects your strength (+9).
   It affects your dexterity (+3).
   It makes you vulnerable to fire.
   It insulates you from electricity.
   It affects your magic capacity (-9).
 J - a ring of wizardry (right tentacle)
 K - an amulet of regeneration (around mantle)
 N - a +4 ring of evasion (on tentacle)
 R - a ring of protection from magic (on tentacle)
 U - a ring of poison resistance (on tentacle)
 W - a +5 ring of evasion (on tentacle)
Wands
 h - a wand of flame (56)
 p - a wand of clouds (1)
 M - a wand of digging (10)
 S - a wand of paralysis (1)
 T - a wand of disintegration (16)
Scrolls
 b - 2 scrolls of vulnerability
 e - 5 scrolls of teleportation
 f - 11 scrolls of remove curse
 g - a scroll of blinking
 j - 6 scrolls of immolation
 l - 5 scrolls of amnesia
 v - 5 scrolls of fog
 C - a scroll of identify
 F - 2 scrolls of magic mapping
 O - a scroll of fear
Potions
 a - 3 potions of magic
 d - 5 potions of ambrosia
 m - 8 potions of haste
 n - 6 potions of might
 o - 10 potions of curing
 q - 4 potions of resistance
 r - 2 potions of mutation
 t - 3 potions of heal wounds
 z - 5 potions of flight
 A - a potion of brilliance
 D - a potion of cancellation
 I - a potion of berserk rage
 L - 2 potions of invisibility
 Q - 4 potions of agility
Miscellaneous
 E - a crystal ball of energy
 P - a lamp of fire
 Y - a fan of gales
Comestibles
 c - 44 rations


   Skills:
 + Level 12.9 Fighting
 + Level 13.3 Dodging
 - Level 2.6 Stealth
 + Level 8.4 Shields
 * Level 16.5 Spellcasting
 + Level 12.5 Conjurations
 - Level 4.5 Summonings
 - Level 1.0 Transmutations
 - Level 9.3 Earth Magic
 + Level 6.0 Evocations


You had 9 spell levels left.
You knew the following spells:

 Your Spells              Type           Power        Failure   Level  Hunger
a - Sandblast             Erth           ######       1%          1    None
b - Stone Arrow           Conj/Erth      ######       1%          3    None
c - Passwall              Tmut/Erth      #####...     1%          2    None
d - Mephitic Cloud        Conj/Pois/Air  #####...     1%          3    None
e - Lee's Rapid Deconstr  Erth           ######....   1%          5    None
f - Spellforged Servitor  Conj/Summ      ######....   7%          7    #####..
g - Regeneration          Chrm/Necr      ###.......   2%          3    None
h - Summon Lightning Spi  Summ/Air       ####....     4%          4    None
i - Orb of Destruction    Conj           ######....   1%          7    #####..
j - Freezing Cloud        Conj/Ice/Air   #####.....   8%          6    ####...

Your spell library contained the following spells:

 Spells                   Type           Power        Failure   Level  Hunger
 Chain Lightning          Conj/Air       ######....   67%         8    #######
 Ignition                 Fire           ###.......   100%        8    #######
 Tornado                  Air            ###.......   100%        9    #######
 Animate Skeleton         Necr           N/A          1%          1    None
 Confusing Touch          Hex            ###...       1%          1    None
 Corona                   Hex            ###....      1%          1    None
 Pain                     Necr           ###.         1%          1    None
 Summon Small Mammal      Summ           ####         1%          1    None
 Call Imp                 Summ           #####...     1%          2    None
 Ensorcelled Hibernation  Hex/Ice        ###...       1%          2    None
 Slow                     Hex            ###.....     1%          2    None
 Call Canine Familiar     Summ           #####...     1%          3    None
 Dazzling Flash           Conj/Hex       ######       1%          3    None
 Inner Flame              Hex/Fire       ###.....     1%          3    None
 Recall                   Summ/Tloc      N/A          1%          3    None
 Summon Guardian Golem    Hex/Summ       ####....     1%          3    None
 Leda's Liquefaction      Hex/Erth       #####.....   1%          4    None
 Petrify                  Tmut/Erth      #####...     1%          4    None
 Confuse                  Hex            ###.....     2%          3    None
 Gell's Gravitas          Tloc           ###.......   2%          3    None
 Portal Projectile        Hex/Tloc       ###...       2%          3    None
 Tukima's Dance           Hex            ###.....     2%          3    None
 Vampiric Draining        Necr           ###.......   2%          3    None
 Starburst                Conj/Fire      ######....   3%          6    ####...
 Summon Ice Beast         Ice/Summ       ####....     4%          4    None
 Aura of Abjuration       Summ           #####.....   4%          5    None
 Borgnjor's Vile Clutch   Necr/Erth      #####.....   4%          5    None
 Summon Demon             Summ           #####.....   4%          5    None
 Yara's Violent Unravell  Hex/Tmut       ###.......   6%          5    None
 Animate Dead             Necr           N/A          10%         4    None
 Cause Fear               Hex            ###.......   10%         4    None
 Alistair's Intoxication  Tmut/Pois      ###.....     21%         5    None
 Metabolic Englaciation   Hex/Ice        ###.......   26%         5    None
 Death Channel            Necr           ###.......   78%         6    ####...
 Simulacrum               Ice/Necr       ###.......   78%         6    ####...
 Dragon's Call            Summ           #####.....   100%        9    #######


Dungeon Overview and Level Annotations

Branches:
Dungeon (15/15)            Temple (0/1) D:6            Lair (6/6) D:10
  Swamp (4/4) Lair:2       Spider (4/4) Lair:3        Slime (0/5) Lair:5
    Orc (2/2) D:12            Elf (3/3) Orc:2        Vaults (0/5) D:14
 Depths (1/5) D:15          Sewer (visited)          Bailey (visited)

Altars:
Cheibriados
Qazlal
Sif Muna
Vehumet
Zin
Beogh
Jiyva

Shops:
D:13 [   Orc:2 (*=([

Portals:
Trove: D:10 (give +6 demon trident)

Annotations:
D:15 exclusion: downstairs
Lair:1 2 transporters, walterwhite's ghost, journeyman MiBe
Lair:5 exclusions: oklob plant and upstairs
Swamp:2 2 transporters
Swamp:4 Lernaean hydra
Elf:2 3 runed translucent doors


Innate Abilities, Weirdness & Mutations

You cannot wear most types of armour.
You are very stealthy in the water. (Stealth+)
You are amphibious.
You can wear up to eight rings at the same time.
You can use your tentacles to constrict eight enemies at once.
Your skin changes colour to match your surroundings (Stealth+).
Your rubbery body absorbs attacks. (AC +1, EV +1)


Message History

Aim: an emperor scorpion (almost dead, chance to defeat MR: 55%)
The emperor scorpion resists with significant effort.
You feel sick. The jumping spider pounces on you!
* * * LOW HITPOINT WARNING * * *
You are even more entangled.
The jumping spider bites you but does no damage.
The emperor scorpion stings you!
* * * LOW HITPOINT WARNING * * *
The emperor scorpion completely misses you.
The emperor scorpion claws you.
* * * LOW HITPOINT WARNING * * *
The jumping spider pounces on you!
* * * LOW HITPOINT WARNING * * *
The jumping spider bites you but does no damage.
Unknown command.
Okay, then.
You feel much better.
You feel sick. The emperor scorpion stings you!!
* * * LOW HITPOINT WARNING * * *
The emperor scorpion claws you!
You die...

######.##.....#........#..
#...^........^..#.......>
#............##....#......
####....#........#....#...
#....#..#.....#^.......
#...##.##............#.
#^.##...†..#.#.........
####.^#...#.#^....#....
#..#@s..........#....
##.s...#....^....##..
####......#.........
#..##.#...##..... ####
........... ....#......
...#....# ...#...## .
....#


You could see an emperor scorpion and a jumping spider.

Vanquished Creatures
  Frances (Swamp:2)
  3 ghost moths (Spider:4)
  A juggernaut zombie (D:15)
  2 emperor scorpions (Spider:4)
  A deep elf annihilator (Elf:1)
  2 spark wasps (Spider:4)
  Josephine (D:14)
  A fire dragon (D:14)
  9 hydras
  3 centaur warriors
  2 ghost crabs
  An anaconda (Lair:6)
  9 dancing weapons
  8 alligators
  5 two-headed ogres
  Urug (D:10)
  3 orc high priests (Orc:2)
  A deep elf knight (Elf:2)
  A skeletal warrior (D:15)
  A flayed ghost (D:15)
  A spriggan druid (Swamp:3)
  2 deep elf archers (Elf:2)
  5 unseen horrors
  5 orb spiders
  2 orc knights (Orc:2)
  16 deep elf magi
  An ugly thing (D:11)
  10 wolf spiders
  A cyclops (D:15)
  A manticore (D:11)
  5 orc sorcerers (Orc:2)
  A centaur zombie (D:12)
  2 moths of wrath
  An elephant (Lair:6)
  5 black mambas
  A water nymph (shapeshifter) (Elf:1)
  2 torpor snails
  A gargoyle (D:12)
  11 spiny frogs
  3 rime drakes
  A demonic crawler (Spider:3)
  An efreet (D:14)
  7 komodo dragons
  A yaktaur (D:15)
  6 tyrant leeches
  4 polar bears
  9 trolls
  10 hornets
  9 jumping spiders
  18 slime creatures
  A spriggan zombie (D:15)
  Grinder (Sewer)
  6 bog bodies
  A blink frog (shapeshifter) (D:15)
  10 dream sheep
  11 hippogriffs
  25 blink frogs
  33 redbacks
  Sigmund (D:3)
  2 air elementals
  20 tarantellas
  A fire elemental (Elf:2)
  12 spriggans
  6 water elementals
  7 wraiths
  5 wyverns
  A basilisk (Lair:1)
  2 shadows
  Eustachio (D:6)
  34 yaks
  2 hungry ghosts
  13 vampire mosquitoes
  18 insubstantial wisps
  3 soldier ants
  2 wargs (Orc:2)
  10 swamp worms
  An acid dragon (D:12)
  12 water moccasins
  28 orc warriors
  8 porcupines
  3 swamp drakes
  6 black bears
  2 eyes of draining
  4 ice beasts
  2 sky beasts
  A necrophage (D:10)
  9 ogres
  3 boggarts (Lair:6)
  6 centaurs
  19 wolves
  11 crocodiles
  2 big kobolds (Sewer)
  18 bullfrogs
  A wyvern zombie (D:13)
  2 earth elementals (Elf:1)
  3 gnoll sergeants (Bailey)
  2 wyvern skeletons
  4 scorpions
  8 killer bees
  9 wights
  2 electric eels (Lair:5)
  A howler monkey (D:11)
  4 crimson imps
  9 hounds
  2 quasits
  3 jellies (D:12)
  24 orc wizards
  Crazy Yiuf (D:4)
  5 gnoll shamans
  17 orc priests
  5 centaur skeletons
  Jessica (D:3)
  6 iguanas
  11 worker ants
  A big kobold zombie (Sewer)
  A hound zombie (D:11)
  A hound skeleton (D:8)
  Robin (D:3)
  19 gnolls
  A howler monkey skeleton (D:5)
  14 adders
  6 shadow imps
  5 oozes (D:12)
  An adder skeleton (D:5)
  3 worms (D:2)
  2 dart slugs
  11 leopard geckos
  92 orcs
  3 ball pythons
  9 bats
  A bat zombie (Sewer)
  11 giant cockroaches
  16 goblins
  8 hobgoblins
  15 jackals
  18 kobolds
  5 quokkas
  7 frilled lizards
  A giant cockroach zombie (Sewer)
  A jackal skeleton (D:4)
  A kobold zombie (Sewer)
  A quokka skeleton (D:10)
  3 rats
  A fungus (D:4)
940 creatures vanquished.

Vanquished Creatures (collateral kills)
  Donald (Orc:2)
  A ghost moth (Spider:4)
  An orc warlord (Orc:2)
  4 emperor scorpions (Spider:4)
  Aizul (Swamp:2)
  Nessos (D:14)
  A fire dragon (D:15)
  6 hydras
  An anaconda (shapeshifter) (D:14)
  A ghost crab (Swamp:3)
  2 shambling mangroves
  12 dancing weapons
  8 alligators
  3 deep elf knights
  An orc high priest (Orc:2)
  A skeletal warrior (D:15)
  A swamp dragon (Swamp:4)
  A spriggan druid (Swamp:3)
  4 deep elf archers
  2 orc knights (Orc:2)
  10 deep elf magi
  A necromancer (D:15)
  3 orc sorcerers
  5 wolf spiders (Spider:4)
  4 orb spiders
  An ugly thing (D:12)
  A manticore (D:15)
  A fire giant zombie (D:15)
  3 elephants (Lair:6)
  2 cyclopes
  A black mamba (Lair:6)
  3 spiny frogs
  A centaur skeleton (D:15)
  A spriggan zombie (D:15)
  A torpor snail (Spider:4)
  4 yaktaurs (D:15)
  3 demonic crawlers
  10 jumping spiders
  2 trolls (D:15)
  4 hornets (Swamp:2)
  A polar bear (Lair:6)
  4 blink frogs (Lair:6)
  A tyrant leech (Swamp:2)
  4 bog bodies
  A hippogriff (D:12)
  20 slime creatures
  2 dream sheep (Lair:1)
  4 spriggans
  13 redbacks
  2 air elementals
  9 tarantellas
  A yak (D:14)
  A warg (Orc:1)
  9 vampire mosquitoes
  4 swamp worms
  4 insubstantial wisps
  10 orc warriors
  A sky beast (D:15)
  2 swamp drakes (Swamp:3)
  An ogre (Orc:2)
  2 bullfrogs
  5 gnoll sergeants (Bailey)
  3 killer bees (D:12)
  An electric eel (Lair:2)
  6 orc priests
  5 orc wizards
  2 gnoll shamans (Bailey)
  3 gnolls (Bailey)
  14 orcs
  A plant (Lair:6)
250 creatures vanquished.

Vanquished Creatures (others)
  A deep elf mage (Elf:2)
  2 slime creatures (Swamp:4)
  A redback (Spider:4)
  An orc priest (Orc:2)
  A big kobold zombie (Sewer)
  2 oozes (Sewer)
  A kobold zombie (Sewer)
  60 fungi
  45 plants
  3 withered plants (D:15)
117 creatures vanquished.

Grand Total: 1307 creatures vanquished

Notes
Turn   | Place    | Note
-------+----------+-------------------------------------------
     0 | D:1      | silin the Octopode Earth Elementalist began the quest for
                  | the Orb.
     0 | D:1      | Reached XP level 1. HP: 11/11 MP: 3/3
   457 | D:1      | Reached XP level 2. HP: 17/17 MP: 3/5
   820 | D:1      | Reached XP level 3. HP: 21/21 MP: 4/6
  1576 | D:2      | Found a faded altar of an unknown god.
  1599 | D:2      | Became a worshipper of Vehumet
  1599 | D:2      | Reached * piety under Vehumet
  1599 | D:2      | Offered knowledge of Magic Dart by Vehumet.
  1756 | D:2      | Reached XP level 4. HP: 27/27 MP: 2/7
  1934 | D:2      | Learned a level 3 spell: Stone Arrow
  1937 | D:2      | Learned a level 2 spell: Passwall
  2100 | D:2      | Offered knowledge of Freeze by Vehumet.
  2108 | D:2      | Reached ** piety under Vehumet
  2369 | D:2      | Reached skill level 1 in Fighting
  2371 | D:2      | Reached XP level 5. HP: 19/33 MP: 0/9
  2898 | D:3      | Noticed Robin
  3293 | D:3      | Noticed Sigmund
  3333 | D:3      | Offered knowledge of Mephitic Cloud by Vehumet.
  3345 | D:3      | Killed Sigmund
  3345 | D:3      | Reached skill level 3 in Spellcasting
  3345 | D:3      | Reached skill level 5 in Earth Magic
  3345 | D:3      | Reached XP level 6. HP: 32/39 MP: 1/10
  3478 | D:3      | Learned a level 3 spell: Mephitic Cloud
  3750 | D:3      | Noticed Jessica
  3752 | D:3      | Killed Jessica
  3896 | D:3      | Reached *** piety under Vehumet
  3908 | D:3      | Killed Robin
  4223 | D:4      | Reached XP level 7. HP: 45/45 MP: 7/12
  4479 | D:4      | Found a stormy altar of Qazlal.
  4525 | D:4      | Found a glowing drain.
  4531 | D:4      | Offered knowledge of Sticky Flame by Vehumet.
  4539 | Sewer    | Entered a sewer
  4613 | Sewer    | Reached skill level 1 in Conjurations
  4768 | Sewer    | Found a burning altar of Makhleb.
  4950 | Sewer    | Reached **** piety under Vehumet
  4954 | Sewer    | Reached skill level 4 in Spellcasting
  5102 | Sewer    | Noticed Grinder
  5313 | Sewer    | Killed Grinder
  5313 | Sewer    | Reached XP level 8. HP: 52/52 MP: 4/14
  5419 | Sewer    | Offered knowledge of Olgreb's Toxic Radiance by Vehumet.
  5844 | D:4      | Found a shimmering blue altar of Sif Muna.
  5924 | D:4      | Found a runed translucent door.
  5925 | D:4      | Noticed Crazy Yiuf
  5930 | D:4      | Killed Crazy Yiuf
  5973 | D:5      | Entered Level 5 of the Dungeon
  6159 | D:5      | Identified the Catalogue of Noxious Heat
  6301 | D:5      | Reached skill level 5 in Spellcasting
  6496 | D:5      | Learned a level 5 spell: Lee's Rapid Deconstruction
  7203 | D:6      | Reached skill level 5 in Dodging
  7509 | D:6      | Noticed Eustachio
  7518 | D:6      | Killed Eustachio
  7518 | D:6      | Reached XP level 9. HP: 47/58 MP: 6/17
  7589 | D:6      | Found a staircase to the Ecumenical Temple.
  7656 | D:6      | Found a snail-covered altar of Cheibriados.
  7715 | D:6      | Reached skill level 6 in Spellcasting
  8920 | D:8      | Reached skill level 5 in Fighting
  8973 | D:8      | Noticed a two-headed ogre
  8978 | D:8      | Killed a two-headed ogre
  8978 | D:8      | Reached skill level 7 in Spellcasting
  9228 | D:8      | Reached XP level 10. HP: 46/66 MP: 15/21
  9235 | D:8      | Reached skill level 5 in Conjurations
  9728 | D:10     | Entered Level 10 of the Dungeon
  9741 | D:10     | Found a staircase to the Lair.
  9885 | D:9      | You fall into a shaft and drop 2 floors!
  9899 | D:11     | Noticed a manticore
  9922 | D:11     | Killed a manticore
  9922 | D:11     | Reached skill level 8 in Spellcasting
 10211 | D:11     | Noticed a red ugly thing
 10449 | D:10     | Noticed an unseen horror
 10467 | D:10     | Killed an unseen horror
 10661 | D:10     | Noticed a two-headed ogre
 10671 | D:10     | Killed a two-headed ogre
 11142 | D:9      | Reached XP level 11. HP: 74/74 MP: 6/23
 11525 | D:10     | Reached skill level 9 in Spellcasting
 11711 | D:10     | Reached ***** piety under Vehumet
 11711 | D:10     | Offered knowledge of Iskenderun's Mystic Blast by Vehumet.
 13157 | D:10     | Found a portal to a secret trove of treasure.
 13183 | D:10     | Noticed Urug
 13325 | D:10     | Got a smoking rapier
 13326 | D:10     | Identified the +6 rapier "Comnaax" {pierce, +Blink Dex+6}
                  | (You found it on level 10 of the Dungeon)
 13343 | D:11     | Noticed a death knight
 13343 | D:11     | Noticed a skeletal warrior
 13364 | D:10     | Killed Urug
 13633 | Lair:1   | Entered Level 1 of the Lair of Beasts
 14550 | Lair:1   | Reached skill level 10 in Spellcasting
 14833 | Lair:1   | Offered knowledge of Spellforged Servitor by Vehumet.
 14835 | Lair:1   | Reached XP level 12. HP: 48/82 MP: 21/26
 15231 | Lair:1   | Found a transporter.
 15246 | Lair:1   | Found a transporter.
 15264 | Lair:1   | Noticed walterwhite's ghost (journeyman MiBe)
 16417 | Lair:2   | Learned a level 7 spell: Spellforged Servitor
 16421 | Lair:2   | Learned a level 3 spell: Regeneration
 16791 | Lair:2   | Found a staircase to the Swamp.
 17224 | Lair:3   | Reached skill level 11 in Spellcasting
 17942 | Lair:3   | Found a hole to the Spider Nest.
 18255 | Lair:4   | You fall into a shaft and drop 1 floor!
 18255 | Lair:5   | Found a staircase to the Slime Pits.
 18256 | Lair:5   | Noticed a four-headed hydra
 18256 | Lair:5   | Found a viscous altar of Jiyva.
 18258 | Lair:6   | Entered Level 6 of the Lair of Beasts
 18522 | Lair:5   | Killed a four-headed hydra
 18608 | Lair:5   | Reached XP level 13. HP: 75/90 MP: 25/28
 20239 | Lair:4   | Reached skill level 12 in Spellcasting
 22213 | Lair:6   | Reached skill level 10 in Dodging
 22441 | Lair:6   | Learned a level 4 spell: Summon Lightning Spire
 23171 | D:11     | Reached skill level 1 in Summonings
 23814 | D:11     | Offered knowledge of Orb of Destruction by Vehumet.
 23965 | D:11     | Learned a level 7 spell: Orb of Destruction
 24433 | D:12     | Found a staircase to the Orcish Mines.
 24794 | D:12     | Found a roughly hewn altar of Beogh.
 24894 | D:12     | Reached skill level 10 in Fighting
 25655 | D:12     | Found a glowing silver altar of Zin.
 26563 | D:13     | Reached XP level 14. HP: 99/99 MP: 16/30
 26754 | Orc:1    | Entered Level 1 of the Orcish Mines
 26762 | Orc:1    | Offered knowledge of Iron Shot by Vehumet.
 26890 | Orc:1    | Found a flagged portal.
 26902 | Bailey   | Entered a bailey
 28896 | Orc:2    | Entered Level 2 of the Orcish Mines
 28896 | Orc:2    | Noticed Donald
 28908 | Orc:2    | Killed Donald
 28908 | Orc:2    | Reached skill level 13 in Spellcasting
 29262 | Orc:2    | Noticed an orc warlord
 30009 | Orc:2    | Found Puraxymp's Weapon Boutique.
 30019 | Orc:2    | Bought 10 stones for 15 gold pieces
 30028 | Orc:2    | Offered knowledge of Conjure Ball Lightning by Vehumet.
 30496 | Orc:2    | Killed an orc warlord
 30840 | Orc:2    | Reached skill level 1 in Shields
 31115 | Orc:2    | Found a staircase to the Elven Halls.
 31273 | Orc:2    | Found Kadimyt's General Store.
 31273 | Orc:2    | Found Coessaer's Weapon Shoppe.
 32142 | Orc:2    | Found Faitocw's Jewellery Boutique.
 32144 | Orc:2    | Found Visa's Antique Armour Shoppe.
 32207 | Orc:2    | Bought the +3 crown of Dyrovepreva {rElec Int+2 SInv} for
                  | 1242 gold pieces
 32207 | Orc:2    | Found the +3 crown of Dyrovepreva {rElec Int+2 SInv}
 32207 | Orc:2    | Bought a buckler for 135 gold pieces
 32209 | Orc:2    | Bought a +5 ring of dexterity for 618 gold pieces
 32209 | Orc:2    | Bought an uncursed ring of wizardry for 450 gold pieces
 32253 | Orc:2    | Bought 24 stones for 38 gold pieces
 32253 | Orc:2    | Bought 13 stones for 20 gold pieces
 32912 | Lair:6   | Reached skill level 10 in Conjurations
 35126 | D:13     | Reached skill level 14 in Spellcasting
 35668 | D:13     | Found Ibeitz's Antique Armour Shop.
 36037 | D:14     | Reached XP level 15. HP: 105/105 MP: 18/33
 36703 | D:14     | Noticed Josephine
 36715 | D:14     | Killed Josephine
 37102 | D:14     | Noticed Nessos
 37441 | D:14     | Killed Nessos
 38167 | D:14     | Found a gate to the Vaults.
 38590 | D:15     | Entered Level 15 of the Dungeon
 38868 | D:15     | Offered knowledge of Ozocubu's Refrigeration by Vehumet.
 39235 | D:15     | Got a scorched platinum ring
 39261 | D:15     | Identified the ring "Puirphule" {rF+ AC+4 Str+2} (You found
                  | it on level 15 of the Dungeon)
 39458 | D:15     | Got a glittering steel ring
 39464 | D:15     | Identified the ring of Optimism {rElec rF- MP-9 Str+9
                  | Dex+3} (You found it on level 15 of the Dungeon)
 39572 | D:15     | Found a staircase to the Depths.
 40201 | Elf:1    | Entered Level 1 of the Elven Halls
 40480 | Elf:1    | Reached skill level 5 in Shields
 42261 | Elf:2    | Reached skill level 15 in Spellcasting
 42261 | Elf:2    | Reached XP level 16. HP: 113/113 MP: 26/35
 42992 | Elf:2    | Found a runed translucent gate.
 42992 | Elf:2    | Found a runed translucent gate.
 42992 | Elf:2    | Found a runed translucent gate.
 43049 | Elf:3    | Entered Level 3 of the Elven Halls
 43814 | Elf:3    | Offered knowledge of Freezing Cloud by Vehumet.
 44220 | Orc:2    | Bought an uncursed amulet of regeneration for 450 gold
                  | pieces
 44241 | Orc:2    | Bought a scroll of identify for 30 gold pieces
 44241 | Orc:2    | Bought a scroll of identify for 30 gold pieces
 44241 | Orc:2    | Bought a ration for 75 gold pieces
 44241 | Orc:2    | Bought a ration for 75 gold pieces
 44241 | Orc:2    | Bought a ration for 75 gold pieces
 44396 | Depths:1 | Entered Level 1 of the Depths
 44711 | Lair:2   | Learned a level 6 spell: Freezing Cloud
 44762 | Swamp:1  | Entered Level 1 of the Swamp
 45497 | Swamp:1  | Reached skill level 1 in Evocations
 47051 | Swamp:2  | You fall into a shaft and drop 1 floor!
 47154 | Swamp:3  | Identified a scroll of acquirement
 47163 | Swamp:3  | Identified the Volume of the Traveller and Summoning (You
                  | acquired it on level 3 of the Swamp)
 48737 | Swamp:2  | Found a transporter.
 48992 | Swamp:2  | Reached ****** piety under Vehumet
 49339 | Swamp:2  | Noticed Frances
 49368 | Swamp:2  | Killed Frances
 49627 | Swamp:2  | Noticed Aizul
 49637 | Swamp:2  | Killed Aizul
 49783 | Swamp:2  | Found a transporter.
 51031 | Swamp:3  | Reached XP level 17. HP: 54/119 MP: 2/36
 51322 | Swamp:4  | Entered Level 4 of the Swamp
 51346 | Swamp:4  | Noticed the 27-headed Lernaean hydra
 51944 | Swamp:4  | Offered knowledge of Chain Lightning by Vehumet.
 51944 | Swamp:4  | Offered knowledge of Tornado by Vehumet.
 51944 | Swamp:4  | Offered knowledge of Ignition by Vehumet.
 52520 | Spider:1 | Entered Level 1 of the Spider Nest
 52864 | Spider:3 | Got a warped spear
 52865 | Spider:3 | Identified the +5 spear "Xymuno Much" {flame, Stlth+} (You
                  | found it on level 3 of the Spider Nest)
 52979 | Spider:3 | Reached skill level 16 in Spellcasting
 53016 | Spider:3 | Found a runed translucent door.
 53995 | Spider:4 | Entered Level 4 of the Spider Nest
 54757 | Spider:4 | Reached skill level 5 in Evocations
 57178 | Spider:4 | Got a gossamer rune of Zot
 57831 | Spider:3 | Reached XP level 18. HP: 115/127 MP: 29/38
 57887 | Spider:3 | HP: 2/127 [jumping spider (7)]
 57888 | Spider:3 | Mangled by an emperor scorpion

Levels and vault maps discovered:
D:1:      nicolae_arrival_somewhat_less_tricky_arrival, layout_loops_ring
D:2:      layout_basic, chequers_ecumenical_altar_island, minmay_tetromino_s2
D:3:      layout_basic, uniq_sigmund, uniq_robin, uniq_jessica
D:4:      layout_loops_cross, nicolae_qazlal_eye_of_the_storm,
          cheibrodos_sewer_entry_drain, lemuel_blue_sif_altar,
          uniq_crazy_yiuf_cottage
D:5:      layout_basic, first_ration, uniq_grinder
D:6:      layout_basic, minmay_temple_entry_metal_lava, kennysheep_slug_shrine,
          uniq_eustachio
D:7:      layout_basic, serial_shops, kennysheep_mini_moat, uniq_harold,
          uniq_duvessa
D:8:      layout_gridville
D:9:      layout_cave_pools
D:10:     layout_roguey [special_room_orc], due_lair_maze_entry_diamond,
          nicolae_trove_entry_crossroad, uniq_urug
D:11:     layout_roguey
D:12:     layout_cave_pools, minmay_orc_entry_temple_small, basic_altar,
          serial_park, serial_park_tiny_pond, hangedman_little_slice_of_home
D:13:     layout_roguey, serial_shops, nicolae_shop_behind_doors,
          bh_walls_and_bars
D:14:     layout_loops_ring, david_vaults_4, infiniplex_staircase_door_maze,
          serial_bayou_pond_c, nicolae_straight_to_the_point, uniq_nessos,
          uniq_josephine
D:15:     gammafunk_depths_entry_grave, layout_basic,
          roderic_lattice_octagonal_star
Lair:1:   layout_long_grid, gammafunk_ghost_berserking_beasts
Lair:2:   layout_roguey, nicolae_swamp_entry_splash_gauntlet,
          infiniplex_staircase_pool_2
Lair:3:   layout_cave_shapes, spider_nest_entry_web_field
Lair:4:   layout_regular_city, grunt_megastairs_3
Lair:5:   layout_small_grid, slime_altar_1, serial_bayou_lagoon_b
Lair:6:   minmay_lair_end_enchanted_forest, layout_regular_city
Swamp:1:  layout_falls_marsh, evilmike_swamp_ruin_house_6
Swamp:2:  gammafunk_worm_tunnel, layout_basic_swamp,
          evilmike_swamp_ruin_house_1, hangedman_swamp_cone, swamp_pool2,
          uniq_aizul, uniq_frances
Swamp:3:  layout_basic_swamp, evilmike_swamp_ruin_rubble_2
Swamp:4:  grunt_swamp_rune_castle, layout_basic_swamp
Spider:1: layout_spider_delve
Spider:2: layout_spider_delve, gammafunk_ghost_berserking_beasts,
          guppyfry_hornet_nest, uniq_asterion
Spider:3: cheibrodos_spider_deadly_dance, drop_trap
Spider:4: grunt_spider_rune_circles, guppyfry_spider_mini_3
Orc:1:    layout_caves, enter_bailey_2, nicolae_orc_bridge_out
Orc:2:    st_orc_elflike, layout_diamond_mine, serial_shops, nicolae_shop_trees,
          uniq_donald
Elf:1:    layout_gridlike, minivault_28
Elf:2:    layout_geoelf_octagon
Elf:3:    minmay_elf_hall_spiked, layout_gridlike, nrook_loot_triangle,
          hangedman_elf_disciples, uniq_saint_roka
Depths:1: layout_basic, enter_ziggurat_d, hangedman_abyss_entry_splay,
          hell_entry, serial_bayou_lagoon_a, nrook_mini_vaults,
          grunt_ministairs_10, ice2_lemuel

Skill      XL: |  1  2  3  4  5  6  7  8  9 10 11 12 13 14 15 16 17 |
---------------+----------------------------------------------------+-----
Earth Magic    | 4 5 6 7 8 9 |  9.3
Fighting       | 1 2 3 4 5 6 7 9 10 11 12 | 12.9
Dodging        | 3 4 5 6 7 8 9 10 11 12 13 | 13.3
Spellcasting   | 3 4 5 7 8 10 11 12 14 15 16 | 16.5
Conjurations   | 1 3 4 6 7 8 9 10 11 12 | 12.5
Summonings     | 2 3 4 |  4.5
Shields        | 3 5 7 8 |  8.4
Evocations     | 3 6 |  6.0
Stealth        | |  2.6
Transmutations | |  1.0

Action                   |  1- 3 |  4- 6 |  7- 9 | 10-12 | 13-15 | 16-18 || total
-------------------------+-------+-------+-------+-------+-------+-------++-------
Melee: Club              |     2 |     5 |       |       |       |       ||     7
       Constrict         |     1 |     3 |     3 |     2 |    12 |     8 ||    29
       Trident           |       |    14 |    13 |       |       |       ||    27
       Tentacles         |       |     4 |     4 |     4 |    10 |    27 ||    49
       War axe           |       |       |       |     8 |       |       ||     8
       Rapier            |       |       |       |     4 |    25 |    56 ||    85
       Staff             |       |       |       |       |    24 |    16 ||    40
Throw: Stone             |       |       |       |     2 |     1 |     1 ||     4
 Cast: Sandblast         |    44 |    70 |   108 |   145 |   116 |   274 ||   757
       Stone Arrow       |       |    20 |    96 |   278 |   783 |   453 ||  1630
       Mephitic Cloud    |       |       |     2 |     6 |    17 |     1 ||    26
       Lee's Rapid Decon |       |       |       |    16 |    21 |    14 ||    51
       Passwall          |       |       |       |     1 |     2 |       ||     3
       Summon Lightning  |       |       |       |       |    57 |    59 ||   116
       Orb of Destructio |       |       |       |       |    13 |     3 ||    16
       Spellforged Servi |       |       |       |       |    29 |    85 ||   114
       Regeneration      |       |       |       |       |     3 |     3 ||     6
       Freezing Cloud    |       |       |       |       |       |     6 ||     6
 Abil: Evoke Blink       |       |       |       |       |       |     2 ||     2
Evoke: Wand              |       |       |     1 |     3 |    14 |    24 ||    42
       Lamp of fire      |       |       |       |       |       |     2 ||     2
       Fan of gales      |       |       |       |       |       |     2 ||     2
  Use: Scroll            |       |     1 |       |    17 |    14 |    13 ||    45
       Potion            |       |       |       |     7 |     1 |     7 ||    15
 Stab: Sleeping          |     1 |     1 |     1 |       |       |     1 ||     4
       Distracted        |       |     1 |       |       |     1 |     1 ||     3
       Paralysed         |       |       |       |       |     1 |       ||     1
  Eat: Chunk             |     3 |     9 |    18 |    27 |    49 |    44 ||   150
       Ration            |       |       |     1 |     2 |    12 |    10 ||    25
Armor: Skin              |     2 |     3 |     5 |     1 |     5 |    57 ||    73
Dodge: Dodged            |     5 |    43 |    57 |   150 |   527 |   923 ||  1705
Block: Buckler           |       |       |       |       |    39 |   262 ||   301

Table legend:
 A = Non-vault XP
 B = Vault XP
 C = Vault XP percentage of total XP
 D = Non-vault monster count
 E = Vault monster count
 F = Vault count percentage of total count
                 A         B        C        D         E       F
            +---------+---------+-------+---------+---------+-------
      Total |  181651 |   62298 |  25.5 |     889 |     301 |  25.3
            +---------+---------+-------+---------+---------+-------
        D:1 |      50 |       0 |   0.0 |      25 |       0 |   0.0
        D:2 |     157 |       4 |   2.5 |      34 |       2 |   5.6
        D:3 |      63 |     295 |  82.4 |      20 |      15 |  42.9
        D:4 |     222 |      49 |  18.1 |      16 |       5 |  23.8
        D:5 |     523 |       0 |   0.0 |      18 |       0 |   0.0
        D:6 |     730 |     200 |  21.5 |      14 |       2 |  12.5
        D:7 |     100 |       0 |   0.0 |       4 |       0 |   0.0
        D:8 |    1943 |       0 |   0.0 |      13 |       0 |   0.0
        D:9 |    1272 |       0 |   0.0 |      29 |       0 |   0.0
       D:10 |    3837 |    2712 |  41.4 |      27 |      35 |  56.5
       D:11 |    5987 |     128 |   2.1 |      45 |       2 |   4.3
       D:12 |    4194 |     885 |  17.4 |      31 |      19 |  38.0
       D:13 |    3189 |       0 |   0.0 |      13 |       0 |   0.0
       D:14 |    7114 |    4086 |  36.5 |      25 |       9 |  26.5
       D:15 |    7824 |    4806 |  38.1 |      25 |       9 |  26.5
     Lair:1 |    7475 |       0 |   0.0 |      35 |       0 |   0.0
     Lair:2 |    3537 |     719 |  16.9 |      15 |       5 |  25.0
     Lair:3 |    3625 |       0 |   0.0 |      17 |       0 |   0.0
     Lair:4 |    6063 |     797 |  11.6 |      26 |       3 |  10.3
     Lair:5 |    2745 |    1124 |  29.1 |      10 |       5 |  33.3
     Lair:6 |    9683 |    8043 |  45.4 |      39 |      40 |  50.6
    Swamp:1 |    9750 |       0 |   0.0 |      35 |       0 |   0.0
    Swamp:2 |   17102 |    2124 |  11.0 |      56 |       2 |   3.4
    Swamp:3 |   12142 |       0 |   0.0 |      39 |       0 |   0.0
    Swamp:4 |    7948 |     882 |  10.0 |      29 |       3 |   9.4
   Spider:2 |     783 |       0 |   0.0 |       2 |       0 |   0.0
   Spider:3 |   11680 |    6618 |  36.2 |      37 |      17 |  31.5
   Spider:4 |   14843 |   18271 |  55.2 |      49 |      42 |  46.2
      Orc:1 |    2183 |       0 |   0.0 |      44 |       0 |   0.0
      Orc:2 |    5845 |    7858 |  57.3 |      54 |      25 |  31.6
      Elf:1 |    8186 |     225 |   2.7 |      20 |       1 |   4.8
      Elf:2 |   14563 |     913 |   5.9 |      28 |       1 |   3.4
      Elf:3 |    6293 |       0 |   0.0 |      15 |       0 |   0.0
      Sewer |       0 |     619 | 100.0 |       0 |      29 | 100.0
     Bailey |       0 |     940 | 100.0 |       0 |      30 | 100.0
            +---------+---------+-------+---------+---------+-------
